 Dungeon Crawl Stone Soup version 0.19-a0-1786-g230130f (webtiles) character file.

8763 Amnesiac the Markself (level 11, -6/80 HPs)
             Began as a High Elf Hunter on Oct 3, 2016.
             Was a High Priest of Okawaru.
             Shot with an arrow by a centaur (10 damage)
             ... on level 9 of the Dungeon.
             The game lasted 00:21:52 (12519 turns).

Amnesiac the Markself (High Elf Hunter)            Turns: 12519, Time: 00:21:53

Health: -6/80      AC:  9    Str: 13    XL:     11   Next: 14%
Magic:  12/12      EV: 11    Int: 15    God:    Okawaru [*****.]
Gold:   548        SH:  0    Dex: 20    Spells: 2 memorised, 8 levels left

rFire  + . .     SeeInvis .     a - +2 shortbow
rCold  . . .     Gourm    .     n - +1 ring mail {rF+}
rNeg   . . .     Faith    .     (shield currently unavailable)
rPois  .         Spirit   .     (no helmet)
rElec  .         Dismiss  .     w - +2 cloak
rCorr  .         Reflect  .     (no gloves)
MR     +....     Harm     .     (no boots)
Stlth  +.........               (no amulet)
                                (no ring)
                                (no ring)

@: no status effects
A: fangs 1, strong 1, subdued magic 1
a: Heroism, Finesse, Renounce Religion


You were on level 9 of the Dungeon.
You worshipped Okawaru.
Okawaru was extremely pleased with you.
You were near starving.

You visited 1 branch of the dungeon, and saw 9 of its levels.
You also visited: Sewer.

You collected 548 gold pieces.

Inventory:

Hand Weapons
 a - a +2 shortbow (weapon)
 v - a +1 dagger of venom
Missiles
 d - 189 arrows (quivered)
 q - 2 throwing nets
Armour
 n - a +1 ring mail of fire resistance (worn)
 w - a +2 cloak (worn)
 J - a steam dragon hide
Jewellery
 b - an uncursed ring of protection from cold
 A - an uncursed ring of ice
Wands
 C - a wand of acid (0/15)
 D - a wand of slowing (22/48)
Scrolls
 e - 2 scrolls of enchant weapon
 o - 4 scrolls of teleportation
 s - 3 scrolls of recharging
 y - 3 scrolls of remove curse
 B - a scroll of enchant armour
 E - 2 scrolls of amnesia
 H - a scroll of blinking
Potions
 c - a potion of resistance {unknown}
 h - 4 potions of might
 k - 2 potions of cure mutation
 r - a potion of lignification
 t - 6 potions of curing
 u - 3 potions of agility
 F - 3 potions of flight
 G - a potion of brilliance
Books
 m - a book of Debilitation

   Spells                             Type                      Level
   a - Corona                         Hexes                        1
   b - Slow                           Hexes                        2
   c - Gell's Gravitas                Hexes/Translocation          3
   d - Inner Flame                    Hexes/Fire                   3
   e - Cause Fear                     Hexes                        4
   f - Leda's Liquefaction            Hexes/Earth                  4
 p - a book of Necromancy

   Spells                             Type                      Level
   a - Pain                           Necromancy                   1
   b - Animate Skeleton               Necromancy                   1
   c - Vampiric Draining              Necromancy                   3
   d - Regeneration                   Charms/Necromancy            3
   e - Animate Dead                   Necromancy                   4
   f - Control Undead                 Necromancy                   4
Comestibles
 f - 8 bread rations
 g - 3 fruits
 j - 3 meat rations
 l - 11 royal jellies
 x - 6 beef jerkies
 z - a slice of pizza


   Skills:
 + Level 9.4 Fighting
 * Level 18.2 Bows
 - Level 2.1 Dodging
 - Level 1.1 Stealth


You had 8 spell levels left.
You knew the following spells:

 Your Spells              Type           Power        Failure   Level  Hunger
a - Animate Skeleton      Necr           N/A          58%         1    ##.....
b - Corona                Hex            #......      58%         1    ##.....


Dungeon Overview and Level Annotations

Branches:
Dungeon (9/15)             Temple (0/1) D:5            Lair (0/6) D:9
    Orc: D:9-12

Altars:
Ashenzari
Gozag
Nemelex Xobeh
Okawaru
Ru
Vehumet
Beogh

Annotations:
D:2 Jessica


Innate Abilities, Weirdness & Mutations

You have very sharp teeth.
Your muscles are strong. (Str +2)
Your spells are a little easier to cast, but a little less powerful.


Message History

Unknown command.
Firing (i - inventory. (,) - cycle):
d - 192 arrows (quivered)
Press: ? - help, Shift-Dir - straight line, f/p - two-headed ogre
Aim: a two-headed ogre, wielding two giant spiked clubs (moderately wounded)
You shoot an arrow. The arrow hits the centaur!
The centaur is heavily wounded.
Firing (i - inventory. (,) - cycle):
d - 191 arrows (quivered)
Press: ? - help, Shift-Dir - straight line, f/p - two-headed ogre
Aim: a two-headed ogre, wielding two giant spiked clubs (moderately wounded)
You shoot an arrow. The arrow hits the centaur.
The centaur is severely wounded.
The centaur shoots an arrow.
The arrow hits you!
* * * LOW HITPOINT WARNING * * *
Firing (i - inventory. (,) - cycle):
d - 190 arrows (quivered)
Press: ? - help, Shift-Dir - straight line, f/p - two-headed ogre
Aim: a two-headed ogre, wielding two giant spiked clubs (moderately wounded)
You shoot an arrow. The arrow hits the two-headed ogre.
The two-headed ogre is heavily wounded.
The centaur shoots an arrow.
The arrow hits you!
You die...

###'###### ###.#### ####(##
#........# #...(..# #......
#.....)..# #...([.# ####......
#.....)..####..)[..# ##..'......
#........[.##..)...###..##......
#..._....#..#......'...###o.....
#........##.#[.....##### #......
##'########.'[.....# #...... #.
. ###..@.[.# #./.o.. ## #.
#......# ####'## #.. #####cO###
#.(# ####.# ########...## ##.###
......###........[..# #.....
........#...(.......# #.....
#(#.((........# #.....
#.#(..........# #...o.
#.(...........### #.....


You could see a two-headed ogre and a centaur.

Vanquished Creatures
  Pikel (D:5)
  An orange crystal statue (D:8)
  Joseph (D:9)
  An ice statue (D:8)
  A komodo dragon (D:9)
  2 hornets (D:9)
  A wyvern (D:8)
  6 yaks
  A steam dragon (D:9)
  Edmund (D:5)
  A soldier ant (D:9)
  13 orc warriors
  3 phantoms
  An ice beast (D:8)
  A swamp drake (D:9)
  A black bear (D:9)
  A necrophage (D:6)
  A sky beast (D:9)
  A slave (D:5)
  5 ogres
  5 centaurs
  3 crocodiles (D:9)
  2 big kobolds
  2 bullfrogs
  A scorpion (D:5)
  12 crimson imps
  A centaur zombie (D:9)
  4 orc priests
  Crazy Yiuf (D:5)
  3 hounds
  3 jellies
  4 bullfrog skeletons
  7 orc wizards
  4 iguanas
  6 worker ants
  2 worker ant zombies
  6 gnolls
  A howler monkey skeleton (D:6)
  15 adders
  2 river rats (Sewer)
  A shadow imp (D:9)
  A white imp (D:9)
  2 oozes
  6 adder skeletons
  2 worms
  A dart slug (D:2)
  14 leopard geckos
  56 orcs
  6 giant cockroaches
  8 goblins
  6 hobgoblins
  10 jackals
  6 quokkas
  7 ball pythons
  4 bats
  2 frilled lizards (D:2)
  21 kobolds
  28 rats
  A plant (D:3)
310 creatures vanquished.

Vanquished Creatures (others)
  A slave (D:5)
  A crimson imp (D:5)
  2 river rats (Sewer)
4 creatures vanquished.

Grand Total: 314 creatures vanquished

Notes
Turn   | Place    | Note
-------+----------+-------------------------------------------
     0 | D:1      | Amnesiac the High Elf Hunter began the quest for the Orb.
     0 | D:1      | Reached XP level 1. HP: 14/14 MP: 2/2
    70 | D:1      | Reached XP level 2. HP: 18/19 MP: 3/3
    73 | D:1      | Reached skill level 6 in Bows
   465 | D:2      | Reached XP level 3. HP: 24/24 MP: 4/4
   639 | D:2      | Reached skill level 7 in Bows
  1191 | D:2      | Reached XP level 4. HP: 29/29 MP: 5/5
  1363 | D:2      | Noticed Jessica
  1583 | D:3      | Found a sacrificial altar of Ru.
  1687 | D:3      | Found a sacrificial altar of Ru.
  1910 | D:3      | Reached skill level 8 in Bows
  2169 | D:3      | Reached XP level 5. HP: 30/34 MP: 6/6
  2667 | D:3      | Gained mutation: Your muscles are strong. (Str +2) [potion of mutation]
  2667 | D:3      | Gained mutation: Your spells are a little easier to cast, but a little less powerful. [potion of mutation]
  2667 | D:3      | Gained mutation: You have very sharp teeth. [potion of mutation]
  2721 | D:4      | Reached skill level 9 in Bows
  2763 | D:4      | Found an opulent altar of Gozag.
  2991 | D:4      | Noticed a phantom
  3002 | D:4      | Found an iron altar of Okawaru.
  3009 | D:4      | Became a worshipper of Warmaster Okawaru
  3030 | D:4      | Killed a phantom
  3030 | D:4      | Reached XP level 6. HP: 32/39 MP: 7/7
  3086 | D:4      | Reached skill level 10 in Bows
  3237 | D:5      | Entered Level 5 of the Dungeon
  3388 | D:5      | Found a runed door.
  3543 | D:5      | Noticed Pikel
  3543 | D:5      | Noticed a slave
  3560 | D:5      | Noticed a slave
  3562 | D:5      | Noticed a slave
  3567 | D:5      | Noticed a slave
  3569 | D:5      | Killed Pikel
  3569 | D:5      | Reached * piety under Okawaru
  3569 | D:5      | Reached ** piety under Okawaru
  3569 | D:5      | Reached skill level 11 in Bows
  3569 | D:5      | Reached XP level 7. HP: 28/48 MP: 8/8
  3629 | D:5      | Reached skill level 12 in Bows
  3629 | D:5      | Reached XP level 8. HP: 41/54 MP: 9/9
  3695 | D:5      | Found a staircase to the Ecumenical Temple.
  4430 | D:5      | Noticed Edmund
  4435 | D:5      | Learned a level 1 spell: Animate Skeleton
  4465 | D:5      | Killed Edmund
  4751 | D:5      | Noticed Crazy Yiuf
  4754 | D:5      | Killed Crazy Yiuf
  4754 | D:5      | Reached skill level 5 in Fighting
  4817 | D:6      | Reached skill level 13 in Bows
  4866 | D:6      | Found a sparkling altar of Nemelex Xobeh.
  4944 | D:6      | Found a glowing drain.
  4969 | Sewer    | Entered a sewer
  5139 | Sewer    | Reached *** piety under Okawaru
  5788 | D:6      | Reached XP level 9. HP: 17/62 MP: 10/10
  6121 | D:6      | Reached skill level 14 in Bows
  6364 | D:6      | Found a shattered altar of Ashenzari.
  6541 | D:6      | Received a gift from Okawaru
  6677 | D:6      | Reached **** piety under Okawaru
  7325 | D:7      | Reached skill level 15 in Bows
  7394 | D:7      | Received a gift from Okawaru
  7924 | D:8      | Found a radiant altar of Vehumet.
  8045 | D:8      | Noticed an ice statue
  8090 | D:8      | HP: 1/64 [bullfrog skeleton (6)]
  8566 | D:8      | Received a gift from Okawaru
  8802 | D:8      | Noticed an orange crystal statue
  9040 | D:8      | Killed an ice statue
  9040 | D:8      | Reached skill level 16 in Bows
  9040 | D:8      | Reached XP level 10. HP: 71/71 MP: 11/11
  9068 | D:8      | Learned a level 1 spell: Corona
  9148 | D:8      | Killed an orange crystal statue
  9380 | D:9      | Noticed Joseph
  9396 | D:9      | Killed Joseph
  9502 | D:8      | Reached ***** piety under Okawaru
  9752 | D:9      | Reached skill level 17 in Bows
 10460 | D:9      | Received a gift from Okawaru
 10586 | D:9      | Found a staircase to the Lair.
 10787 | D:9      | Received a gift from Okawaru
 11091 | D:9      | Reached XP level 11. HP: 56/80 MP: 12/12
 11338 | D:8      | Reached skill level 18 in Bows
 11950 | D:8      | Received a gift from Okawaru
 12451 | D:9      | Found a roughly hewn altar of Beogh.
 12518 | D:9      | HP: 4/80 [centaur/arrow (7)]
 12519 | D:9      | Shot with an arrow by a centaur

Vault maps used:
D:1:      dpeg_arrival_orchard, hex_tiny, minmay_misc_feat_chi,
          minmay_misc_feat_cross
D:2:      kennysheep_goblin_castle, uniq_jessica
D:3:      wad_woods_stonehenge, nicolae_ru_awakened_eye
D:4:      grunt_gozag_statues, first_bread, okawaru_trees_2
D:5:      uniq_edmund, uniq_crazy_yiuf_cottage, uniq_pikel
D:6:      evilmike_ruin_ashenzari, portal_sewer_entry_f,
          nemelex_lonely_heart_becter
D:8:      minmay_separated_statues, vehumet_crystals
D:9:      lemuel_doored_altar, erik_lair_dragon, hangedman_pestilent_swarm,
          minmay_nine_imps, uniq_joseph
Sewer:    sewer_minmay_treatment

Skill      XL: |  1  2  3  4  5  6  7  8  9 10 11 |
---------------+----------------------------------+-----
Bows           | 6 7 8 9 11 12 13 16 17 18 | 18.2
Fighting       | 4 5 7 9 |  9.4
Dodging        | |  2.1
Stealth        | |  1.1

Action                   |  1- 3 |  4- 6 |  7- 9 | 10-12 || total
-------------------------+-------+-------+-------+-------++-------
Melee: Short sword       |       |   103 |       |       ||   103
       Spear             |       |       |   135 |       ||   135
       Dagger            |       |       |    14 |     4 ||    18
       Bite              |       |       |    11 |     2 ||    13
 Fire: Shortbow          |    79 |   162 |   462 |   533 ||  1236
Throw: Throwing net      |       |       |       |     2 ||     2
Invok: Heroism           |       |       |     1 |       ||     1
Evoke: Wand              |       |       |       |     2 ||     2
  Use: Scroll            |     8 |     5 |     8 |     3 ||    24
       Potion            |       |     1 |     5 |     1 ||     7
 Stab: Sleeping          |       |       |     3 |       ||     3
  Eat: Chunk             |       |     8 |    16 |     7 ||    31
       Fruit             |       |       |     1 |     1 ||     2
Armor: Leather armour    |     7 |    10 |    43 |       ||    60
       Ring mail         |       |       |    31 |    53 ||    84
Dodge: Dodged            |    16 |    34 |   141 |   115 ||   306
